Map: Orbital Shipyard

Players

yuki

  • Race: Terran Terran
  • League: Silver

FLORENCIO - Winner!

  • Race: Protoss Protoss
  • League: Diamond

VOD

Have the link to the VOD?

Description

Good game he was not silver

Time

  • Played on: March 18, 2016, 11:16 p.m.
  • Length: 22:04
Show
View Real Time Build Order
Export as new Build Order

yuki Terran 

Build Orders: MMM Bio 

Get SALT Encoding   

  12  0:00  SCV  
  13  0:13  SCV  
  14  0:17  Supply Depot  
  14  0:25  SCV  
  15  0:29  Refinery  
  15  0:39  SCV  
  16  0:44  Barracks  
  16  0:51  SCV  
  17  1:02  Barracks  
  17  1:05  SCV  
  18  1:18  SCV  
  19  1:24  Supply Depot  
  19  1:30  SCV  
  20  1:34  Reaper  
  21  1:42  Orbital Command  
  21  1:50  Reaper  
  22  2:07  Reaper  
  23  2:09  SCV  
  24  2:18  Command Center  
  24  2:32  SCV  
  24  2:34  Engineering Bay  
  25  2:44  SCV  
  25  3:00  Reaper x2  
  26  3:08  Barracks  
  26  3:10  SCV  
  26  3:11  Missile Turret  
  27  3:17  Refinery  
  27  3:21  Terran Infantry Weapons Level 1  
  27  3:22  SCV  
  28  3:38  SCV  
  28  3:40  Barracks Tech Lab  
  29  3:53  SCV  
  29  3:59  Factory  
  29  4:04  Barracks, Supply Depot  
  28  4:12  SCV  
  28  4:14  Supply Depot  
  28  4:16  Orbital Command  
  28  4:17  Missile Turret  
  28  4:23  Marine x2  
  28  4:24  Marine  
  30  4:25  Stimpack  
  31  4:33  Missile Turret  
  31  4:40  Barracks  
  31  4:45  Starport  
  31  4:50  Marine x3  
  30  4:55  Factory Reactor  
  30  4:58  SCV  
  30  5:08  Marine x2  
  32  5:15  Terran Infantry Armor Level 1  
  32  5:18  Barracks Reactor  
  32  5:19  Refinery  
  32  5:21  Barracks  
  32  5:26  Barracks Reactor  
  32  5:27  Barracks Reactor  
  32  5:32  Barracks Tech Lab  
  32  5:39  SCV  
  32  5:41  SCV  
  34  5:50  Refinery  
  34  5:51  SCV  
  34  5:52  Missile Turret  
  34  5:53  SCV  
  34  5:55  Medivac  
  38  5:57  Marine x4  
  38  6:01  Combat Shields  
  38  6:03  SCV  
  43  6:06  Supply Depot  
  43  6:15  SCV, Marine  
  43  6:18  Marauder x2  
  49  6:20  Barracks Reactor, Marine x2  
  49  6:21  Marine  
  52  6:27  SCV  
  52  6:31  Supply Depot  
  53  6:34  Medivac  
  53  6:35  Medivac  
  58  6:40  SCV  
  58  6:42  Concussive Shells, Marine  
  58  6:43  Marine x2  
  61  6:52  SCV, Armory  
  62  6:58  Marine x4  
  62  6:59  Marine  
  67  7:11  Marine x2, Marauder  
  67  7:12  Marine, Marauder  
  74  7:20  SCV  
  75  7:23  Engineering Bay  
  75  7:25  Medivac  
  77  7:39  SCV  
  77  7:41  Supply Depot  
  77  7:44  Terran Infantry Weapons Level 2  
  78  8:03  Medivac  
  78  8:04  SCV  
  78  8:05  Terran Infantry Armor Level 2, Command Center  
  75  8:30  Marine x2, Marauder  
  75  8:31  Marine, Marauder  
  75  8:33  Medivac x2  
  60  8:42  Marine x5  
  60  8:48  Marine x2  
  65  8:52  Marauder x2  
  63  9:03  SCV  
  63  9:08  Terran Ship Weapons Level 1  
  63  9:09  SCV  
  65  9:12  Marine x5  
  65  9:13  Marauder  
  72  9:18  Missile Turret  
  72  9:19  Orbital Command  
  72  9:29  Barracks  
  72  9:33  Barracks  
  72  9:35  Marine  
  72  9:36  Marine x3  
  76  9:43  Medivac  
  76  9:44  Medivac  
  69  10:01  Missile Turret  
  69  10:04  Marine x2  
  69  10:05  Marine x3  
  74  10:08  SCV  
  74  10:13  Medivac  
  74  10:14  Medivac  
  79  10:20  Marine x3  
  82  10:21  Barracks Reactor  
  82  10:22  Barracks Reactor  
  82  10:36  Marine x3  
  85  10:47  Marine x3  
  85  10:48  Marine  
  74  11:04  Marine  
  74  11:05  Marine x5  
  74  11:06  SCV  
  77  11:11  SCV  
  77  11:17  Terran Infantry Weapons Level 3  
  77  11:18  SCV, Terran Infantry Armor Level 3  
  78  11:19  Medivac  
  78  11:20  Medivac  
  83  11:26  Command Center  
  83  11:30  SCV  
  83  11:32  Marine x3  
  85  11:33  Supply Depot, Marine x2  
  89  11:43  SCV  
  90  11:55  Marine  
  90  11:56  Marine x2, Marauder x2  
  90  12:00  Marine x3  
  90  12:01  Marine x2  
  102  12:10  SCV  
  102  12:11  Terran Vehicle And Ship Armor Level 1  
  102  12:12  Marine x3  
  102  12:15  Supply Depot  
  106  12:17  Marauder  
  108  12:24  Supply Depot, Marauder  
  98  12:38  Marauder  
  89  12:46  Marine, Marauder  
  89  12:47  Marine x3  
  93  12:51  SCV  
  93  12:58  Marine x3  
  94  12:59  SCV  
  94  13:00  Marauder  
  94  13:03  SCV  
  101  13:07  Marauder  
  101  13:11  SCV  
  104  13:13  Marine x3  
  99  13:21  Marauder  
  92  13:30  Marine x3  
  95  13:37  Medivac x2  
  95  13:40  SCV  
  97  13:48  Marine  
  97  13:49  Marine x2, Marauder x2  
  97  13:52  SCV, Marine x2  
  97  13:53  Marine, Missile Turret  
  108  14:08  SCV  
  90  14:13  Command Center  
  89  14:17  Marine x3  
  89  14:20  SCV  
  93  14:25  Marine  
  93  14:26  Marine x4, Marauder x2  
  102  14:40  Marine x2  
  104  14:47  Marauder  
  105  14:55  SCV  
  68  15:24  Marine x5  
  68  15:26  Medivac x2  
  68  15:27  Marine x2  
  68  15:28  Marine  
  80  15:34  SCV  
  81  15:36  Command Center  
  81  15:48  Marine x2  
  81  15:49  Marine  
  84  15:50  Orbital Command  
  81  16:43  Marine  
  81  16:44  Marine x6, Marauder x2  
  92  16:53  Marine  
  92  16:54  Marine x2  
  89  17:07  Marauder  
  75  17:25  SCV  
  69  17:37  SCV  
  68  17:46  Marine x4  
  68  17:49  SCV  
  57  18:01  SCV  
  57  18:05  Marine x3  
  59  18:07  Medivac x2  
  59  18:09  Barracks Reactor  
  65  18:18  Marine  
  65  18:19  Marauder  
  67  18:23  Marine x3  
  66  18:36  Marine  
  66  18:40  Marauder  
  66  18:41  Marine x3  
  46  19:01  Marine  
  38  19:24  Planetary Fortress  
  38  19:39  Starport  
  36  19:54  Missile Turret  
  36  19:55  Missile Turret  
  36  19:57  Missile Turret  
  36  20:00  Missile Turret  
  36  20:02  Missile Turret x2  
  36  20:04  Missile Turret  
  36  20:06  Missile Turret x2  
  36  20:09  Missile Turret  
  36  20:17  Starport Reactor  
  36  20:21  Barracks  
Show
View Real Time Build Order
Export as new Build Order

FLORENCIO Protoss - Winner!

Build Orders: Oracle Opening 

Get SALT Encoding   

  12  0:01  Probe (Chrono Boost)  
  13  0:11  Probe (Chrono Boost)  
  14  0:20  Pylon  
  14  0:23  Probe (Chrono Boost)  
  15  0:39  Probe (Chrono Boost)  
  15  0:41  Gateway  
  16  0:49  Probe (Chrono Boost)  
  17  0:52  Assimilator  
  17  0:58  Assimilator  
  17  1:00  Probe (Chrono Boost)  
  18  1:10  Probe (Chrono Boost)  
  19  1:21  Probe (Chrono Boost)  
  20  1:28  Cybernetics Core  
  20  1:31  Probe (Chrono Boost)  
  21  1:42  Probe (Chrono Boost)  
  22  1:51  Nexus  
  22  1:53  Probe (Chrono Boost)  
  23  2:08  Pylon  
  23  2:14  Assimilator  
  23  2:17  Warp Gate  
  23  2:22  Stargate  
  25  2:30  Mothership Core (Chrono Boost)  
  25  2:34  Stalker  
  26  3:04  Stalker  
  28  3:11  Probe (Chrono Boost)  
  29  3:19  Probe (Chrono Boost)  
  30  3:21  Probe (Chrono Boost)  
  31  3:29  Probe (Chrono Boost)  
  31  3:30  Oracle (Chrono Boost)  
  35  3:55  Probe  
  33  3:56  Probe  
  33  3:57  Pylon  
  33  4:00  Stalker  
  37  4:06  Probe  
  37  4:08  Probe  
  39  4:14  Void Ray (Chrono Boost)  
  43  4:20  Probe  
  43  4:21  Probe  
  45  4:27  Nexus  
  45  4:30  Probe  
  45  4:33  Forge, Probe  
  47  5:04  Void Ray (Chrono Boost)  
  51  5:09  Photon Cannon  
  51  5:13  Photon Cannon  
  51  5:14  Pylon  
  51  5:21  Pylon  
  51  5:34  Stargate  
  51  5:35  Pylon  
  51  5:36  Pylon  
  51  5:42  Pylon  
  51  5:43  Probe x2  
  51  5:44  Probe  
  54  5:51  Assimilator  
  54  5:53  Photon Cannon, Probe x2  
  54  5:56  Probe  
  57  6:00  Photon Cannon  
  57  6:04  Probe x2  
  57  6:05  Photon Cannon  
  57  6:08  Probe  
  57  6:10  Photon Cannon  
  60  6:14  Probe  
  65  6:18  Void Ray (Chrono Boost)  
  65  6:32  Void Ray (Chrono Boost)  
  69  6:34  Pylon  
  69  6:35  Probe  
  69  6:36  Probe  
  69  6:37  Probe  
  72  6:46  Probe  
  72  6:49  Probe  
  72  6:50  Assimilator  
  74  6:54  Assimilator  
  74  6:56  Void Ray (Chrono Boost)  
  78  7:01  Pylon  
  78  7:02  Pylon  
  78  7:08  Probe  
  78  7:09  Probe  
  78  7:10  Probe  
  78  7:12  Fleet Beacon  
  79  7:20  Probe x2  
  79  7:22  Probe  
  82  7:31  Probe  
  87  7:37  Void Ray (Chrono Boost)  
  87  7:45  Probe  
  87  7:46  Void Ray (Chrono Boost), Probe  
  87  7:48  Probe  
  94  7:55  Stargate  
  94  7:56  Probe  
  95  8:07  Stargate  
  95  8:09  Pylon  
  56  8:56  Probe x2  
  56  8:57  Probe  
  59  9:06  Carrier (Chrono Boost), Probe x2  
  59  9:08  Anion Pulse-Crystals  
  59  9:09  Probe  
  86  9:11  Pylon  
  86  9:13  Assimilator  
  86  9:17  Carrier x2 (Chrono Boost), Probe x2  
  86  9:18  Carrier (Chrono Boost)  
  86  9:21  Probe  
  89  9:27  Probe x2  
  91  9:33  Probe  
  76  10:09  Pylon  
  76  10:10  Pylon  
  76  10:11  Pylon  
  76  10:12  Pylon  
  76  10:13  Probe  
  76  10:18  Probe  
  76  10:20  Probe  
  79  10:24  Probe  
  79  10:27  Carrier (Chrono Boost)  
  86  10:29  Probe  
  86  10:34  Probe  
  99  10:43  Carrier x2 (Chrono Boost)  
  99  10:45  Probe  
  100  11:15  Photon Cannon  
  100  11:16  Photon Cannon  
  100  11:18  Photon Cannon  
  100  11:19  Assimilator, Pylon  
  106  11:26  Graviton Catapult  
  106  11:32  Carrier (Chrono Boost)  
  106  11:46  Twilight Council  
  106  11:59  Nexus  
  106  12:01  Pylon  
  106  12:12  Carrier (Chrono Boost)  
  112  12:16  Probe  
  112  12:19  Probe  
  120  12:29  Carrier (Chrono Boost)  
  120  12:30  Probe  
  111  12:41  Probe x2  
  111  12:42  Probe  
  114  12:51  Probe x2  
  114  12:54  Probe  
  117  13:02  Probe x2  
  119  13:06  Probe  
  110  13:32  Probe  
  108  14:30  Photon Cannon, Probe  
  108  14:33  Photon Cannon  
  109  14:41  Probe  
  103  15:36  Nexus  
  103  15:37  Pylon  
  103  16:05  Photon Cannon  
  103  16:06  Photon Cannon  
  103  16:09  Photon Cannon x2  
  103  16:10  Pylon  
  103  16:39  Pylon  
  103  16:42  Photon Cannon  
  103  16:43  Photon Cannon  
  68  17:59  Probe  
  69  18:10  Probe  
  74  19:39  Void Ray (Chrono Boost)  
  74  19:44  Void Ray (Chrono Boost)  
  86  19:45  Void Ray (Chrono Boost)  
  86  19:46  Void Ray (Chrono Boost)  
Tags
 
Add a new tag
Caveats
  • Supply blocks, unpowered buildings, or Contaminate may cause inaccurate times.
  • Supply counts are checked every 10 seconds.